 Dungeon Crawl Stone Soup version 0.17.2-1-ge4368a0 (webtiles) character file.

1824 Goblin1989 the Grappler (level 9, -11/96 HPs)
             Began as a Vine Stalker Transmuter on Nov 9, 2016.
             Was an Elder of Ru.
             Mangled by an ogre
             ... wielding a +0 giant spiked club
              (18 damage)
             ... on level 8 of the Dungeon.
             The game lasted 00:21:17 (4945 turns).

Goblin1989 the Grappler (Vine Stalker Transmuter)   Turns: 4945, Time: 00:21:18

Health: -11/96     AC: 24    Str: 21    XL:     9   Next: 11%
Magic:  0/13       EV:  2    Int: 15    God:    Ru [****..]
Gold:   353        SH:  0    Dex: 15    Spells: 3 memorised, 4 levels left

rFire  x . .     SeeInvis .     w - +0 blowgun {@w1}
rCold  + . .     Clarity  .     (armour currently unavailable)
rNeg   + + +     SustAt   .     (no shield)
rPois  +         Gourm    .     (helmet currently unavailable)
rElec  .         Spirit   +     (cloak currently unavailable)
rCorr  .         Warding  .     (gloves currently unavailable)
rMut   .         NoTele   +     (boots currently unavailable)
MR     +....                    (no amulet)
Stlth  ..........               (no ring)
                                m - ring of ice

@: berserking, lethally poisoned (-11 -> -31), tree-form, very quick, somewhat
resistant to hostile enchantments, extremely unstealthy
A: (fangs 0), clever 1, regeneration 2, magic shield, (antimagic bite), no
device heal 3, rot immunity, inability to use devices, inexperienced 1
a: Draw Out Power, Power Leap, Renounce Religion


You were on level 8 of the Dungeon.
You worshipped Ru.
Ru was greatly pleased with you.
You were not hungry.
You were a tree.
You visited 1 branch of the dungeon, and saw 8 of its levels.

You collected 353 gold pieces.

Inventory:

Hand Weapons
 w - a +0 blowgun (weapon) {@w1}
Missiles
 a - 65 arrows
 e - 304 stones
 h - 84 poisoned needles (quivered)
 l - 31 bolts of flame
 n - 74 bolts
 o - 20 sling bullets
 p - 6 javelins
 s - 9 sling bullets of frost
Armour
 b - a +1 robe
 B - a cursed +0 pair of boots (melded)
 C - a +0 ring mail (melded)
Jewellery
 m - a ring of ice (left branch)
Scrolls
 c - a scroll of blinking {unknown}
 f - 2 scrolls of enchant armour
 j - 5 scrolls of identify {unknown}
 k - 2 scrolls of teleportation {unknown}
 q - 4 scrolls of remove curse {@r2}
 r - 2 scrolls of amnesia {unknown}
 t - a scroll of magic mapping {unknown}
 y - a scroll of random uselessness {unknown}
 F - 2 scrolls of fog {unknown}
Potions
 i - 3 potions of lignification {!q}
 u - a potion of degeneration {unknown}
 z - a potion of magic {unknown}
 A - a potion of haste {unknown}
 D - a potion of brilliance
 G - a potion of curing {unknown}
 H - a potion of beneficial mutation
 I - a potion of flight {unknown}
Comestibles
 d - 5 bread rations {@e1}
 g - 7 meat rations {@e2}
 E - 2 beef jerkies
 K - a chunk of flesh {@w0}


   Skills:
 + Level 2.7 Fighting
 + Level 2.3 Armour
 + Level 3.0 Dodging
 * Level 10.5 Unarmed Combat
 - Level 2.1 Spellcasting
 - Level 2.9 Transmutations


You had 4 spell levels left.
You knew the following spells:

 Your Spells              Type           Power        Failure   Level  Hunger
a - Beastly Appendage     Trmt           ##....       10%         1    #......
b - Sticks to Snakes      Trmt           ##........   12%         2    ###....
c - Blade Hands           Trmt           ##........   99%         5    ######.


Dungeon Overview and Level Annotations

Branches:
Dungeon (8/15)             Temple (0/1) D:4
   Lair: D:8-11

Altars:
Nemelex Xobeh
Ru
Xom
The Shining One


Innate Abilities, Weirdness & Mutations

((You have razor-sharp teeth.))
You heal very quickly.
When hurt, damage is shared between your health and your magic reserves.
((Your bite disrupts and absorbs the magic of your enemies.))
Potions and wands cannot restore your health.
You are immune to rotting.
You cannot study or use magical devices.
You are somewhat inexperienced (-2 XL).
Your mind is acute. (Int +2)


Message History

You take 12 damage, and have 8/64 hp.
You now have 3/13 mp.
Drink which item? (? for menu, Esc to quit)
It was a potion of berserk rage.
A red film seems to cover your vision as you go berserk!
You feel yourself moving faster!
You feel mighty!
* * * LOW HITPOINT WARNING * * *
You feel very sick.
The quasit bites you but does no damage.
The quasit claws you but does no damage. x2
You now have 10/96 hp.
Unknown command.
Really attack while wielding your +0 blowgun {@w1}?
You clumsily bash the quasit.
The quasit is lightly wounded.
* * * LOW HITPOINT WARNING * * *
You feel very sick.
The quasit bites you but does no damage.
The quasit claws you but does no damage. x2
The ogre hits you with a giant spiked club!!
You die... ████

..█ ███████.█ .
.......O███████ ...
████████.5♣.....█
.....█......█.██.....█
.....5....?.█(█<.....█
....██.███..█5██.....█
. █. █........██.█ █.
█.██.██████.███████ █.
>...█../...█.......█
..██████........█████.█
.. ...................


You could see an ogre and a quasit.

Vanquished Creatures
  The ghost of Goblin1989 the Martial Artist, a novice DsMo of Fedhas (D:6)
  A trapdoor spider (D:8)
  2 ice beasts
  An ogre (D:6)
  A black bear (D:6)
  2 giant frogs (D:6)
  3 scorpions
  4 wights (D:6)
  3 orc priests (D:6)
  2 crimson imps
  4 iguanas
  2 jellies
  An orc wizard (D:6)
  2 hounds
  A killer bee zombie (D:5)
  A worker ant zombie (D:7)
  7 adders
  A shadow imp (D:6)
  2 oozes (D:1)
  An adder skeleton (D:6)
  2 adder zombies
  A worm (D:3)
  6 giant geckos
  9 orcs
  2 ball pythons (D:2)
  A hobgoblin (D:2)
  7 jackals
  A quokka (D:3)
  2 bats
  4 giant cockroaches
  A giant cockroach zombie (D:5)
  2 giant newts
  11 goblins
  2 kobolds (D:3)
  A quokka skeleton (D:5)
  A quokka zombie (D:5)
  8 rats
103 creatures vanquished.

Vanquished Creatures (collateral kills)
  A worker ant (D:4)
1 creature vanquished.

Vanquished Creatures (others)
  An orc (D:6)
1 creature vanquished.

Grand Total: 105 creatures vanquished

Notes
Turn   | Place    | Note
--------------------------------------------------------------
     0 | D:1      | Goblin1989 the Vine Stalker Transmuter began the quest for the Orb.
     0 | D:1      | Reached XP level 1. HP: 9/9 MP: 4/4
   138 | D:1      | Reached XP level 2. HP: 14/14 MP: 3/6
   221 | D:1      | Reached skill level 4 in Unarmed Combat
   287 | D:1      | Reached XP level 3. HP: 15/17 MP: 7/7
   547 | D:1      | Learned a level 2 spell: Sticks to Snakes
   641 | D:2      | Found a sacrificial altar of Ru.
   707 | D:2      | Became a worshipper of Ru the Awakened
  1235 | D:3      | Reached XP level 4. HP: 19/21 MP: 6/8
  1407 | D:3      | Reached skill level 5 in Unarmed Combat
  1739 | D:3      | Reached XP level 5. HP: 16/25 MP: 7/9
  1769 | D:3      | Learned a level 5 spell: Blade Hands
  2025 | D:4      | Found a staircase to the Ecumenical Temple.
  2173 | D:4      | Gained mutation: You are somewhat inexperienced (-2 XL). [Ru sacrifice]
  2173 | D:4      | Reached XP level 4. HP: 21/21 MP: 8/8
  2173 | D:4      | Reached XP level 3. HP: 17/17 MP: 7/7
  2173 | D:4      | Reached * piety under Ru
  2178 | D:4      | Found a sparkling altar of Nemelex Xobeh.
  2195 | D:4      | Noticed an ogre
  2256 | D:5      | Entered Level 5 of the Dungeon
  2288 | D:5      | Reached skill level 6 in Unarmed Combat
  2288 | D:5      | Reached XP level 4. HP: 14/21 MP: 6/8
  2301 | D:5      | Found a glowing golden altar of the Shining One.
  2330 | D:5      | Noticed a scorpion
  2421 | D:5      | Killed a scorpion
  2421 | D:5      | Reached XP level 5. HP: 25/25 MP: 2/9
  2575 | D:5      | Noticed an ice beast
  2660 | D:5      | Killed an ice beast
  2660 | D:5      | Reached skill level 7 in Unarmed Combat
  2660 | D:5      | Gained mutation: You heal very quickly. [Vine Stalker growth]
  2660 | D:5      | Reached XP level 6. HP: 13/29 MP: 2/10
  3165 | D:6      | Reached skill level 8 in Unarmed Combat
  3231 | D:6      | Reached XP level 7. HP: 30/32 MP: 9/11
  3329 | D:6      | Reached skill level 9 in Unarmed Combat
  3615 | D:6      | Found a shimmering altar of Xom.
  3817 | D:6      | Reached skill level 1 in Fighting
  3817 | D:6      | Gained mutation: You have razor-sharp teeth. [Vine Stalker growth]
  3817 | D:6      | Reached XP level 8. HP: 24/37 MP: 7/12
  3879 | D:6      | Noticed Goblin1989's ghost (novice DsMo)
  3903 | D:6      | Killed Goblin1989's ghost
  3903 | D:6      | Reached skill level 1 in Armour
  3903 | D:6      | Reached skill level 10 in Unarmed Combat
  4891 | D:8      | Gained mutation: You cannot study or use magical devices. [Ru sacrifice]
  4891 | D:8      | Reached ** piety under Ru
  4891 | D:8      | Reached *** piety under Ru
  4891 | D:8      | Reached **** piety under Ru
  4903 | D:8      | Reached XP level 9. HP: 43/43 MP: 13/13
  4943 | D:8      | Gained mutation: Your mind is acute. (Int +2) [potion of beneficial mutation]
  4945 | D:8      | Mangled by an ogre

Action                   |  1- 3 |  4- 6 |  7- 9 || total
-------------------------+-------+-------+-------++-------
Melee: Unarmed           |   133 |   117 |    83 ||   333
       Blowgun           |       |       |     1 ||     1
 Fire: Blowgun           |       |    37 |    30 ||    67
Throw: Javelin           |       |     4 |       ||     4
 Cast: Sticks to Snakes  |     5 |    11 |     2 ||    18
       Beastly Appendage |       |     1 |       ||     1
Invok: Sacrifice Experie |     1 |       |       ||     1
       Sacrifice Artific |       |       |     1 ||     1
  Use: Scroll            |     1 |     1 |       ||     2
       Potion            |       |     2 |     4 ||     6
 Stab: Sleeping          |     2 |     1 |       ||     3
  Eat: Fruit             |     3 |     1 |       ||     4
       Chunk             |     1 |     4 |     6 ||    11

Vault maps used:
D:1:      minmay_arrival_solitary_statue, minmay_strange_pillars
D:2:      hangedman_ru_absence, first_bread
D:4:      nemelex_xobeh_ov_fountains_minmay, minmay_temple_entry_junction2,
          minmay_misc_feat_rows
D:5:      tso_metal_star, minmay_misc_feat_four_crosses,
          kennysheep_generic_room_3
D:6:      kennysheep_little_box
D:7:      minmay_misc_feat_nine_boxes
D:8:      minmay_flawed_box, nicolae_overflow_crystal_walls, minmay_radiant
